[Event "Early-Titled-Tuesday-Blitz-October-03-2023"]
[Site "Chess.com"]
[Date "2023.10.03"]
[Round "6"]
[White "NovoselovRoman"]
[Black "BeautiFullMindChess"]
[Result "1-0"]
[WhiteElo "2610"]
[BlackElo "2387"]
[TimeControl "180+1"]
[EndTime "9:07:39 PDT"]
[Termination "NovoselovRoman won on time"]

1. e4 d5 2. exd5 Qxd5 3. Nc3 Qa5 4. Nf3 Nf6 5. Bc4 Nc6 6. h3 Bf5 7. d3 e6 8. O-O h6 9. Bd2 Bb4 10. a3 Bxc3 11. Bxc3 Qb6 12. Re1 O-O-O 13. b4 Nd5 14.
Bd2 g5 15. b5 Nd4 16. Bxd5 Rxd5 17. Be3 Nxf3+ 18. Qxf3 Qd6 19. a4 Rg8 20. g4 Bg6 21.
Bxa7 h5 22. Be3 hxg4 23. hxg4 f5 24. a5 fxg4 25. Qxg4 Bf5 26. Qc4 Rh8 27. Kf1 g4 28. a6 bxa6 29. bxa6 g3 30. a7 g2+ 31. Ke2 Kd7 32. a8=Q Rxa8 33. Rxa8 e5 34. Ra6 Be6 35. Rxd6+ cxd6 36. Qa4+ Ke7 37. Rg1 e4 38. Qxe4 Rh5 39. Qh4+ Rxh4 40. Rxg2 Rh3 41. Rg3 Rh5 42. c4 Kd7 43.
Kd2 Kc6 44. Kc3 Bf5 45. Rg7 1-0

[Event "Early-Titled-Tuesday-Blitz-October-03-2023"]
[Site "Chess.com"]
[Date "2023.10.03"]
[Round "6"]
[White "NovikovaGalina"]
[Black "LoaySameer"]
[Result "1-0"]
[WhiteElo "2416"]
[BlackElo "2580"]
[TimeControl "180+1"]
[EndTime "9:07:40 PDT"]
[Termination "NovikovaGalina won by resignation"]

1. e4 g6 2. d4 Bg7 3. Nc3 d6 4. f3 a6 5. Be3 b5 6. Qd2 Bb7 7. O-O-O Nd7 8. g4 c5 9. h4 h5 10. gxh5 Rxh5 11. Nce2 Ngf6 12. Ng3 Rh8 13. N1e2 Qc7 14.
h5 Nxh5 15. Nxh5 gxh5 16. Ng3 cxd4 17. Bxd4 Bxd4 18. Qxd4 O-O-O 19. Rxh5 Rxh5 20. Nxh5 Ne5 21. Be2 Nc6 22. Qc3 Rg8 23. Nf4 Ne5 24. Qd2 Kb8 25.
a3 Rc8 26. Kb1 Nc4 27. Bxc4 Qxc4 28. Nd3 Qd4 29. Qa5 f5 30. exf5 Bxf3 31. Re1 Be4 32. Qxa6 Bxd3 33. cxd3 Qxd3+ 34. Ka1 Rc7 35. f6 Qd2 36.
Qxb5+ Rb7 37. Qe8+ Ka7 38. Qa4+ Kb8 39. Rb1 exf6 40.
Qe8+ Ka7 41. Qe6 Qd4 42. Qe2 Qe5 43. Qd2 Rb6 44. Rc1 Kb7 45. Qg2+ d5 46. Rd1 Rd6 47. Qc2 Qe4 48. Qxe4 dxe4 49. Rxd6 f5 50. Rf6 e3 51.
Rxf5 e2 52. Re5 1-0

[Event "Early-Titled-Tuesday-Blitz-October-03-2023"]
[Site "Chess.com"]
[Date "2023.10.03"]
[Round "6"]
[White "FREDERICKtheMATE"]
[Black "MMAHDI2013"]
[Result "0-1"]
[WhiteElo "2598"]
[BlackElo "2429"]
[TimeControl "180+1"]
[EndTime "9:07:41 PDT"]
[Termination "MMAHDI2013 won by checkmate"]

1. Nf3 e6 2. d4 d5 3. c4 Nf6 4.
Nc3 Bb4 5. Bg5 h6 6. Bxf6 Qxf6 7.
Qb3 Nc6 8. e3 O-O 9. a3 Bxc3+ 10.
Qxc3 Ne7 11. Bd3 c5 12. cxd5 cxd4 13. Qxd4 Nxd5 14. Qxf6 gxf6 15. Be4 Nb6 16. Nd4 f5 17. Bf3 e5 18. Nb5 e4 19. Be2 a6 20. Nd4 Be6 21.
Rc1 Rac8 22. Kd2 Kg7 23. g3 Kf6 24. Rxc8 Rxc8 25. Rc1 Rxc1 26. Kxc1 Ke5 27. Kd2 Nd5 28. Bh5 f4 29. gxf4+ Nxf4 30. Nxe6 Nxh5 31. Nc5 b6 32. Nxa6 Nf6 33. h3 Kd6 34. Nb4 Kc5 35. Kc3 Nh7 36. Nc2 Ng5 37. h4 Nh3 38. b4+ Kd5 39.
Nd4 Nxf2 40. Nf5 Ng4 41. a4 Ke5 42. a5 bxa5 43. bxa5 Kxf5 44. a6 Nxe3 45. Kd4 Nd5 46. Kxd5 e3 47. a7 e2 48. a8=Q e1=Q 49. Qf8 Qe6+ 50.
Kd4 Qf6+ 51. Ke3 Kg4 52. Qb4+ Kh5 53. Qe4 Qe6 54. Qxe6 fxe6 55. Kf4 Kxh4 56. Ke5 h5 57. Kxe6 Kg4 58. Ke5 h4 59. Ke4 Kg3 60. Ke3 h3 61.
Ke2 Kg2 62. Ke3 h2 63. Kf4 h1=Q 64. Kg4 Qf1 65. Kg5 Qf3 66. Kg6 Kg3 67. Kg7 Qf4 68. Kg8 Kg4 69. Kh8 Qf5 70. Kg7 Kg5 71. Kh8 Kh6 72. Kg8 Qf2 73. Kh8 Qf8# 0-1

[Event "Early-Titled-Tuesday-Blitz-October-03-2023"]
[Site "Chess.com"]
[Date "2023.10.03"]
[Round "6"]
[White "AEMEffi"]
[Black "AlexandraSamaganova"]
[Result "1-0"]
[WhiteElo "2389"]
[BlackElo "2217"]
[TimeControl "180+1"]
[EndTime "9:07:43 PDT"]
[Termination "AEMEffi won on time"]

1. d4 Nf6 2. c4 e6 3. g3 d5 4. Nf3 Be7 5. Bg2 O-O 6. O-O c6 7. Qc2 Nbd7 8. b3 b6 9. a4 Bb7 10. a5 c5 11. a6 Bc6 12. Ne5 Nxe5 13. dxe5 Nd7 14. f4 Qc8 15. cxd5 Bxd5 16. e4 Bc6 17. Bb2 Rd8 18. f5 exf5 19. exf5 Bxg2 20.
Qxg2 Bg5 21. Ra4 Be3+ 22. Kh1 Bd4 23. e6 Nf6 24. exf7+ Kxf7 25. Bxd4 Rxd4 26. Rxd4 cxd4 27. Nd2 Qe8 28. Nc4 Rd8 29. g4 h6 30. h4 Qe4 31. Qxe4 Nxe4 32. Kg2 d3 33. Kf3 Nc5 34. Rd1 Kf6 35. Ke3 Re8+ 36. Kf4 Re4+ 37. Kf3 Re8 38. Nd6 Rd8 39. Nb5 Nxb3 40. Nxa7 Ra8 41. Nc6 Rxa6 42. Rxd3 Nc5 43. Rd6+ Kf7 44. Ne5+ Kg8 45. Rd8+ Kh7 46. Ng6 Ra3+ 47. Ke2 Ra2+ 48. Ke3 Ra3+ 49. Kf4 Ra4+ 50. Kg3 Ra3+ 51. Kg2 Ra2+ 52. Kf1 Ra1+ 53. Ke2 Ra2+ 54. Kd1 Ra1+ 55. Kc2 Ra2+ 56. Kb1 Ra8 57. Rxa8 1-0

[Event "Early-Titled-Tuesday-Blitz-October-03-2023"]
[Site "Chess.com"]
[Date "2023.10.03"]
[Round "6"]
[White "astralpulse"]
[Black "Alexandr_Predke"]
[Result "0-1"]
[WhiteElo "2696"]
[BlackElo "2877"]
[TimeControl "180+1"]
[EndTime "9:07:45 PDT"]
[Termination "Alexandr_Predke won by checkmate"]

1. Nf3 c5 2. e3 Nf6 3. d4 e6 4. Bd3 Nc6 5. b3 d5 6. Bb2 cxd4 7. exd4 Bb4+ 8. c3 Bd6 9. O-O O-O 10. Re1 Qc7 11.
Qe2 Bf4 12. g3 Bh6 13. Nbd2 b6 14. Ne5 Nxe5 15. dxe5 Nd7 16. Nf3 Nc5 17. Nd4 Bd7 18. Bc2 Rac8 19. f4 g6 20. a4 Rfd8 21. h4 Bf8 22. h5 Ne4 23. Bxe4 dxe4 24. Qe3 Bc5 25. Rad1 Bc6 26. Kh2 Bxd4 27. cxd4 Bd5 28. Rc1 Qe7 29. Rc3 Rxc3 30. Qxc3 gxh5 31. Rc1 Kh8 32. Qc7 Qxc7 33. Rxc7 Kg7 34. Ba3 Bxb3 35. Bd6 a5 36. Rb7 Bxa4 37. Rxb6 Bc2 38. Ra6 a4 39. Ra7 Kg6 40. Kg2 Rc8 41.
Bc5 Rb8 42. Kf2 Rb3 43. Ra8 Rf3+ 44. Kg2 f5 45. Rg8+ Kf7 46. Rh8 Rd3 47. Rxh7+ Kg6 48.
Rh8 Rd2+ 49. Kh3 e3 50. d5 e2 51. Bf2 Rd1 52. Rg8+ Kf7 53. Ra8 e1=Q 54. Bxe1 Rxe1 55. Ra7+ Kg6 56. dxe6 Be4 57. Rf7 Rh1# 0-1

[Event "Early-Titled-Tuesday-Blitz-October-03-2023"]
[Site "Chess.com"]
[Date "2023.10.03"]
[Round "6"]
[White "Xqswdc"]
[Black "Orest_Vovk"]
[Result "1-0"]
[WhiteElo "2331"]
[BlackElo "2515"]
[TimeControl "180+1"]
[EndTime "9:07:45 PDT"]
[Termination "Xqswdc won by resignation"]

1. e4 g5 2. d4 g4 3. Nc3 Bg7 4. Be3 h5 5. Nge2 c5 6. dxc5 Nc6 7. Qd3 Qa5 8. a3 b6 9. cxb6 axb6 10. Nd4 Ba6 11.
Qd2 Ne5 12. b4 Bxf1 13. bxa5 Bxg2 14. axb6 Bxh1 15. Nd5 Rb8 16. Nf5 Nf3+ 17. Ke2 Nxd2 18. Nxg7+ Kf8 19. Rxh1 Nxe4 20. Bf4 Rb7 21. Nf5 e6 22. Nd6 Nxd6 23. Bxd6+ Kg7 24. a4 exd5 25. a5 Nf6 26. Kd3 Ra8 27. Ra1 Rxb6 28. axb6 Rxa1 29.
c3 Rb1 30. Bb4 Re1 31. b7 Re8 32. Bd6 Ne4 33. b8=Q Rxb8 34. Bxb8 Nxf2+ 35. Ke3 Ne4 36. Kd4 Nf6 37. Ke5 Kg6 38. Bc7 h4 39. Kf4 Kh5 40.
Be5 Ne4 41. Bd4 g3 42. hxg3 hxg3 43. Kf3 Kh4 44. c4 f5 45. cxd5 Kh3 46. Kf4 g2 47. Kxf5 Kg3 48. Kxe4 Kg4 49. Ke5 Kf3 50. Kd6 Ke4 51.
Bg1 Kf5 52. Kxd7 Ke5 53. Kc6 Ke4 54. d6 Kf3 55. d7 Ke2 56. d8=Q Kf1 57. Bd4 1-0

[Event "Early-Titled-Tuesday-Blitz-October-03-2023"]
[Site "Chess.com"]
[Date "2023.10.03"]
[Round "6"]
[White "Balla_Tamas"]
[Black "Fore_Man"]
[Result "1-0"]
[WhiteElo "2445"]
[BlackElo "2270"]
[TimeControl "180+1"]
[EndTime "9:07:47 PDT"]
[Termination "Balla_Tamas won by resignation"]

1. e4 c5 2. c3 d5 3. exd5 Qxd5 4.
d4 Nc6 5. Nf3 Bg4 6. Be2 cxd4 7.
cxd4 e6 8. Nc3 Qd6 9. h3 Bh5 10.
O-O Nf6 11. Be3 Be7 12. a3 O-O 13. Qb3 Rfd8 14. Rad1 a6 15. Rfe1 Rac8 16. Ne5 Nxe5 17. Bxh5 Nc4 18. Bf3 Nxe3 19. Rxe3 b5 20. d5 e5 21. Rde1 Nd7 22. Ne4 Qb6 23. Ng3 Bc5 24. R3e2 Bd4 25. Nf5 Nc5 26. Ne7+ Kf8 27. Nxc8 Rxc8 28.
Qd1 Na4 29. Qd3 Nxb2 30. Qxh7 Qh6 31. Qf5 Rd8 32. Rxe5 Bxe5 33. Qxe5 Qf6 34. Qc7 Nc4 35. Qc6 Qd6 36. Qb7 Qxa3 37. Qc7 Qd6 38. Qb7 b4 39. Bg4 Ne5 40. Bf5 Qxd5 41. Qxa6 b3 42. Qe2 Nc6 43. Bg4 Qd6 44. Qe4 Ne7 45. Qh7 Ng8 46. Qf5 b2 47. Qb1 Qd2 48. Bf5 Nf6 49. Bc2 Nd5 50. Rd1 Nc3 51. Rxd2 Rb8 52. Rd8+ Rxd8 53.
Qxb2 Nd5 54. Qa3+ Ne7 55. Bb3 Rd6 56. Qxd6 1-0

[Event "Early-Titled-Tuesday-Blitz-October-03-2023"]
[Site "Chess.com"]
[Date "2023.10.03"]
[Round "6"]
[White "Hrant_ChessMood"]
[Black "Krakozia"]
[Result "1-0"]
[WhiteElo "2934"]
[BlackElo "3029"]
[TimeControl "180+1"]
[EndTime "9:07:48 PDT"]
[Termination "Hrant_ChessMood won on time"]

1. d4 Nf6 2. c4 e6 3. Bf4 d5 4.
e3 c5 5. dxc5 Bxc5 6. Nc3 O-O 7.
Nf3 Nc6 8. Be2 dxc4 9. O-O Nh5 10. Bxc4 Nxf4 11. exf4 Qxd1 12. Rfxd1 Be7 13. Ne4 Rd8 14. Rxd8+ Nxd8 15. Rd1 Kf8 16. Ne5 a6 17. a4 f6 18.
Nf3 Nc6 19. g3 Rb8 20. h4 b5 21. axb5 axb5 22. Bf1 Bb7 23. Nc3 b4 24. Nb5 Rd8 25. Re1 e5 26. fxe5 fxe5 27. Nc7 Bc8 28. Bc4 Bf6 29. Nd5 h6 30. b3 Bg4 31. Kg2 Na5 32. Ne3 Bxf3+ 33. Kxf3 Nxc4 34. Nxc4 Rd3+ 35. Re3 Rc3 36.
Nd6 Ke7 37. Ne4 Rc2 38. Re2 Rc6 39. Ra2 Ke6 40. Ra4 Be7 41. Ra7 g6 42. Rb7 h5 43.
Ke3 Ra6 44. Rb5 Ra3 45. Nd2 g5 46. hxg5 Bxg5+ 47. f4 exf4+ 48. gxf4 Bf6 49. Rb6+ Kf7 50. Rxb4 Bc3 51. Rb7+ Ke6 52. Ne4 Ba5 53. Rb5 h4 54. f5+ Kf7 55. Rb7+ Kf8 56. f6 Bd8 57. Ng5 h3 58.
Ne6+ 1-0

[Event "Early-Titled-Tuesday-Blitz-October-03-2023"]
[Site "Chess.com"]
[Date "2023.10.03"]
[Round "6"]
[White "DenLaz"]
[Black "MikaelyanArman"]
[Result "1-0"]
[WhiteElo "3071"]
[BlackElo "2863"]
[TimeControl "180+1"]
[EndTime "9:07:49 PDT"]
[Termination "DenLaz won on time"]

1. d4 d5 2. c4 c6 3. Nf3 Nf6 4.
Qc2 dxc4 5. Qxc4 Bf5 6. g3 Nbd7 7. Bg2 e6 8. O-O Be7 9. Qb3 Qb6 10. Nbd2 O-O 11. Nc4 Qa6 12. Bf4 Nb6 13. Bd6 Bxd6 14. Nxd6 Qxe2 15. Rfe1 Qd3 16. Qxd3 Bxd3 17. Nxb7 Be4 18.
Ne5 Bxg2 19. Kxg2 Rac8 20. Rac1 Rc7 21. Na5 Nfd5 22. Rxc6 Rxc6 23. Naxc6 f6 24. Nd3 Rc8 25. Nxa7 Rc2 26. Rxe6 Rd2 27. Nb4 Nxb4 28. Rxb6 Nd3 29.
Kf3 Nxb2 30. Nc6 Nc4 31. Rb4 Nd6 32. a4 Ra2 33. a5 Kf7 34. d5 Kg6 35. g4 h5 36. h3 Ra3+ 37. Kg2 hxg4 38. hxg4 Kg5 39. f3 f5 40. Nd4 fxg4 41. Ne6+ Kf6 42. Rxg4 Rxa5 43. Nf4 Nf5 44. Kh3 Ra1 45. Rg6+ Kf7 46. Rg5 Kf6 47. Rg6+ Ke5 48. Ne2 Re1 49. Re6+ Kxd5 50.
Nf4+ Kd4 51. Rxe1 Ne3 52. Rxe3 Kxe3 53. Kg4 Kf2 54. Nh5 g6 55. Nf4 Ke3 56. Nxg6 Kd4 57. f4 1-0

[Event "Early-Titled-Tuesday-Blitz-October-03-2023"]
[Site "Chess.com"]
[Date "2023.10.03"]
[Round "6"]
[White "hakanazeri2"]
[Black "falzehope0"]
[Result "1-0"]
[WhiteElo "2608"]
[BlackElo "2373"]
[TimeControl "180+1"]
[EndTime "9:07:49 PDT"]
[Termination "hakanazeri2 won by checkmate"]

1. Nf3 e6 2. c4 d5 3. d4 c6 4. Nc3 f5 5. Bg5 Be7 6. Bxe7 Nxe7 7. Ne5 Nd7 8. Nxd7 Bxd7 9. e3 O-O 10. Bd3 Ng6 11.
Qh5 Qb6 12. b3 Qb4 13. Rc1 e5 14. O-O exd4 15. exd4 Nf4 16. Qf3 Nxd3 17. Qxd3 dxc4 18. bxc4 Be6 19. d5 Bf7 20. Rb1 Qe7 21. d6 Qd7 22.
c5 f4 23. Rb4 Bg6 24. Qf3 b6 25.
Rxf4 bxc5 26. Rd1 c4 27. Ne4 Rxf4 28. Qxf4 Rf8 29. Nc5 Rxf4 30. Nxd7 Bd3 31. Ne5 Rd4 32. d7 Kf8 33. h3 Rd5 34. Nxc4 Ke7 35. Ne3 Rd6 36.
Kh2 Kxd7 37. g3 c5 38. Rc1 Kc6 39. g4 Rd4 40. Kg3 Kb5 41. f4 a5 42. f5 a4 43.
g5 a3 44. f6 gxf6 45. gxf6 c4 46. f7 Rd8 47. Ng4 Rf8 48. Ne5 Kb4 49. Kh4 Be4 50. Rxc4+ Kb5 51. Rxe4 Ka5 52. Kg5 Ka6 53. Kf6 Rc8 54.
Nd7 Rc6+ 55. Re6 Rxe6+ 56. Kxe6 Kb7 57. f8=Q Kc7 58. Qc5+ Kb7 59. Qb6+ Kc8 60. Qb8# 1-0

[Event "Early-Titled-Tuesday-Blitz-October-03-2023"]
[Site "Chess.com"]
[Date "2023.10.03"]
[Round "6"]
[White "Wizard_97"]
[Black "Markov_Mikhail"]
[Result "0-1"]
[WhiteElo "2530"]
[BlackElo "2702"]
[TimeControl "180+1"]
[EndTime "9:07:50 PDT"]
[Termination "Markov_Mikhail won by resignation"]

1. e4 c5 2. Nf3 d6 3. d4 cxd4 4. Nxd4 Nf6 5. f3 a6 6. c4 e6 7. Nc3 Be7 8. Be3 O-O 9. Be2 Qc7 10. O-O Nc6 11. Rc1 Nxd4 12. Bxd4 Bd7 13. Qd2 Bc6 14. Rfd1 Rad8 15. Nd5 exd5 16. cxd5 Ra8 17. Qe3 Qa5 18. dxc6 bxc6 19. Rxc6 Qxa2 20. Rc7 Rfe8 21.
Bc4 Qa4 22. b3 Qa5 23. Rb7 Rab8 24. Rxb8 Rxb8 25. Ra1 Qc7 26. Rxa6 Nd7 27. Ra7 Qd8 28. Qf4 Nf6 29. Qe3 Nd7 30. Qf4 Nf6 31. Kf1 Ra8 32. Rxa8 Qxa8 33. Qd2 Nd7 34. b4 Qa4 35. Bb2 Nb6 36.
Qd4 Bf8 37. Be2 Nd7 38. g3 Ne5 39. Kg2 Nc6 40. Qd5 Qc2 41. Kf1 Nxb4 42. Qd4 Qb1+ 43.
Kg2 Nc2 44. Qc3 h5 45. Kf2 h4 46. Bd3 Qh1 47. Qxc2 Qxh2+ 48. Ke3 hxg3 49. Qf2 Qxf2+ 50. Kf4 g2 0-1

[Event "Early-Titled-Tuesday-Blitz-October-03-2023"]
[Site "Chess.com"]
[Date "2023.10.03"]
[Round "6"]
[White "mortngabriel"]
[Black "LangesNasenhaar"]
[Result "0-1"]
[WhiteElo "2571"]
[BlackElo "2450"]
[TimeControl "180+1"]
[EndTime "9:07:52 PDT"]
[Termination "LangesNasenhaar won by checkmate"]

1. d4 g6 2. e4 Bg7 3. Nf3 c6 4. h3 d5 5. Nc3 dxe4 6. Nxe4 Nd7 7. Bc4 Ngf6 8. Nxf6+ Nxf6 9. O-O O-O 10. Bg5 Qc7 11.
c3 c5 12. Bb3 cxd4 13. Qxd4 b6 14. Qf4 Qxf4 15. Bxf4 Bb7 16. Ne5 Nd5 17. Bg3 e6 18. Rad1 Rad8 19. a3 Nf6 20. Rxd8 Rxd8 21. Rd1 Rxd1+ 22.
Bxd1 Ne4 23. Bh2 Nc5 24. Bc2 f6 25. Nd3 Nxd3 26. Bxd3 e5 27. Bc4+ Kf8 28. f3 Bh6 29. f4 Bxf4 30. Bxf4 exf4 31. Kf2 Ke7 32. h4 g5 33. Be2 h6 34. Bg4 Kd6 35. b4 Ke5 36.
Bh5 Bc8 37. Bf3 g4 38. Bc6 g3+ 39. Kf1 Bf5 40. Bb7 Bd3+ 41. Kg1 Bc4 42. Bc6 Kf5 43. Bd7+ Ke4 44. a4 Ke3 45. a5 Kd2 46. axb6 axb6 47.
h5 Kxc3 48. b5 Kb4 49. Bg4 Bxb5 50. Bf3 Bd3 51. Bd1 Kc3 52. Ba4 b5 53. Bd1 b4 54.
Ba4 b3 55. Bxb3 Kxb3 56. Kh1 Kc3 57. Kg1 Kd4 58. Kh1 Ke3 59. Kg1 f3 60. Kh1 fxg2+ 61. Kg1 Kf4 62. Kxg2 Be4+ 63. Kh3 Kf3 64. Kh4 g2 65.
Kh3 g1=Q 66. Kh4 Qg3# 0-1

[Event "Early-Titled-Tuesday-Blitz-October-03-2023"]
[Site "Chess.com"]
[Date "2023.10.03"]
[Round "6"]
[White "MidnightFox"]
[Black "KatakuriDono"]
[Result "1-0"]
[WhiteElo "2482"]
[BlackElo "2333"]
[TimeControl "180+1"]
[EndTime "9:07:53 PDT"]
[Termination "MidnightFox won by resignation"]

1. d4 d5 2. c4 dxc4 3. e4 Nc6 4.
Be3 Nf6 5. Nc3 e5 6. d5 Ne7 7.
Bxc4 Ng6 8. h3 Bd6 9. Bb5+ Bd7 10. Bxd7+ Qxd7 11. Nge2 O-O 12. O-O Nh5 13. Ng3 Nxg3 14. fxg3 f5 15. Qh5 f4 16. gxf4 exf4 17. Bd4 Rae8 18.
Rae1 Be5 19. Ne2 Qd6 20. Bxe5 Rxe5 21. Qf3 Nh4 22. Qd3 f3 23. Rxf3 Nxf3+ 24. gxf3 Rg5+ 25. Kh1 Qh6 26. Kh2 Qh4 27. Rf1 Rf6 28. f4 Rh5 29. e5 Rg6 30. e6 Rgh6 31. Rf3 Rg6 32. f5 Rgh6 33. Qe3 Qe7 34. Nd4 Rg5 35. Rg3 Rxg3 36. Qxg3 Rf6 37. Qe5 h6 38. Qf4 a6 39.
a3 Kh8 40. b4 a5 41. bxa5 Qxa3 42. Qxc7 Qb2+ 43. Nc2 Rxf5 44. e7 Rf2+ 45. Kg3 Re2 46.
Qc8+ Kh7 47. Qf5+ Kh8 48. Qf8+ Kh7 49. Qf5+ Kh8 50. Qf8+ Kh7 51. e8=Q Rxe8 52. Qxe8 Qxc2 53. Qe7 Qd3+ 54. Kf4 Qd4+ 55. Qe4+ Qxe4+ 56. Kxe4 Kg8 57. Ke5 Kf7 58. Kd6 g5 59. Kc7 h5 60. d6 g4 61. d7 gxh3 62. d8=Q h2 63. Qd1 Kg6 64. Qh1 1-0

[Event "Early-Titled-Tuesday-Blitz-October-03-2023"]
[Site "Chess.com"]
[Date "2023.10.03"]
[Round "6"]
[White "Galileo22"]
[Black "Zq1"]
[Result "1-0"]
[WhiteElo "2676"]
[BlackElo "2515"]
[TimeControl "180+1"]
[EndTime "9:07:54 PDT"]
[Termination "Galileo22 won on time"]

1. e4 c5 2. Nf3 d6 3. Bb5+ Bd7 4. a4 Nc6 5. O-O Nf6 6. Re1 g6 7. h3 Bg7 8. Bf1 O-O 9. c3 e5 10. Na3 d5 11. exd5 Nxd5 12. Nc4 Qc7 13. Qb3 Nf4 14. d4 exd4 15. Bxf4 Qxf4 16. Qxb7 Rad8 17. Rac1 Rfe8 18. Rxe8+ Bxe8 19. Re1 Bd7 20. Qb5 dxc3 21. bxc3 Bxc3 22. Re3 Bd4 23. Ra3 Ne5 24. Qa5 Nxf3+ 25. Rxf3 Qb8 26.
Nd2 Bc6 27. Rd3 Re8 28. Nf3 Be4 29. Ra3 Bg7 30. Bc4 Qb7 31. Qd2 Bf6 32. Ng5 Bxg5 33. Qxg5 Qe7 34. Qxe7 Rxe7 35. Re3 Kf8 36. Rc3 Rc7 37.
Bb5 Bb7 38. f3 a5 39. Kf2 Ke7 40. Re3+ Kd6 41. Rd3+ Ke7 42. Re3+ Kf6 43. Rd3 Bc6 44. Rd6+ Ke5 45. Rxc6 Rxc6 46. Bxc6 Kd4 47. Ke2 Kc3 48. Kd1 Kb2 49. Bb5 Kc3 50. Kc1 c4 51. h4 Kb3 52.
Kd2 Kb4 53. Kc1 Kc3 54. g3 f6 55. f4 h6 56. Be8 g5 57. fxg5 fxg5 58. hxg5 hxg5 59.
g4 Kd3 60. Bf7 Kc3 61. Be6 Kd3 62. Kb2 1-0

[Event "Early-Titled-Tuesday-Blitz-October-03-2023"]
[Site "Chess.com"]
[Date "2023.10.03"]
[Round "6"]
[White "Mesa_1"]
[Black "ErikRonka"]
[Result "0-1"]
[WhiteElo "2625"]
[BlackElo "2508"]
[TimeControl "180+1"]
[EndTime "9:08:00 PDT"]
[Termination "ErikRonka won by checkmate"]

1. e4 c5 2. Nf3 e6 3. Nc3 d6 4. d4 cxd4 5. Nxd4 Nf6 6. a3 Be7 7. g4 h6 8. h4 Nc6 9. Rg1 d5 10.
Bg2 Nxd4 11. Qxd4 dxe4 12. Qxd8+ Bxd8 13. g5 hxg5 14. hxg5 Nd5 15. Nxe4 Bc7 16. Bd2 Bd7 17. c4 Nf4 18. Bf1 Bc6 19. Nc3 O-O-O 20. Be3 a6 21. Rd1 Bf3 22. Rd4 Be5 23. Rd2 Nh3 24. Bxh3 Rxh3 25.
Nd1 Bh2 26. Rf1 Bg2 27. Rxd8+ Kxd8 28. Nc3 Bxf1 29. Kxf1 Be5 30. Kg2 Rh8 31. Nd1 Kc7 32. Kf3 Rd8 33. Ke2 Bd4 34. Bd2 e5 35. f3 b5 36. cxb5 axb5 37. Ba5+ Bb6 38. Bd2 f6 39. Nc3 Kc6 40. gxf6 gxf6 41. Ne4 Rf8 42. Bb4 Rf7 43.
Nd6 Rh7 44. b3 Rh2+ 45. Kd3 Rb2 46. Ne4 Rxb3+ 47. Kc2 Rxf3 48. Bd2 f5 49. Nc3 e4 50. Nd1 f4 51. Be1 e3 52. Nb2 Rh3 53. Kd3 f3 54. Nd1 f2 55. Bc3 f1=Q+ 56. Kc2 Qe2+ 57. Kb1 Qd3+ 58.
Ka1 e2 59. Bd2 Qxd2 60. Nf2 e1=Q+ 61. Nd1 Qexd1# 0-1

[Event "Early-Titled-Tuesday-Blitz-October-03-2023"]
[Site "Chess.com"]
[Date "2023.10.03"]
[Round "6"]
[White "meoluoi91"]
[Black "crazy_m_attack"]
[Result "1-0"]
[WhiteElo "2615"]
[BlackElo "2402"]
[TimeControl "180+1"]
[EndTime "9:08:02 PDT"]
[Termination "meoluoi91 won by checkmate"]

1. e4 e5 2. Bc4 Nf6 3. Nc3 Nxe4 4. Nxe4 d5 5. Bb5+ c6 6. Bd3 dxe4 7. Bxe4 Bd6 8. d3 Nd7 9. Ne2 Nc5 10. Bf3 O-O 11. O-O Bf5 12. Ng3 Bg6 13. Bh5 Qh4 14. Bxg6 hxg6 15. Qf3 Rae8 16. Ne4 Nxe4 17. dxe4 Re6 18. Re1 Rf6 19. Qe2 Rd8 20. g3 Qh3 21. Be3 Re6 22.
Rad1 b6 23. Bg5 Rc8 24. Qa6 Rc7 25. a3 Qg4 26. h4 Bc5 27. Kg2 Re8 28. Rd2 Qe6 29.
c3 Rd7 30. Red1 Rxd2 31. Rxd2 f6 32. Be3 Bxe3 33. fxe3 Qg4 34. Qc4+ Kh7 35. Qxc6 Rc8 36. Qd5 Rc5 37. Qa8 Rc4 38. Rd8 Qxe4+ 39. Qxe4 Rxe4 40. Kf3 Ra4 41. e4 Ra5 42. g4 Rb5 43. b4 a5 44.
g5 axb4 45. axb4 f5 46. Rd7 f4 47. Rd6 Kg8 48. Rxg6 Kf7 49. Rd6 Ke7 50. Rd3 Ke6 51. Kg4 g6 52. Rd8 Ke7 53. Rg8 Kf7 54. Rc8 Ke7 55.
Rc6 Kf7 56. Rf6+ Kg7 57. h5 gxh5+ 58. Kxh5 Kh7 59. g6+ Kg7 60. Rf7+ Kg8 61. Kh6 Kh8 62. Rf8# 1-0

[Event "Early-Titled-Tuesday-Blitz-October-03-2023"]
[Site "Chess.com"]
[Date "2023.10.03"]
[Round "6"]
[White "Shuvalov"]
[Black "SashaKuzhilniy"]
[Result "0-1"]
[WhiteElo "2464"]
[BlackElo "2626"]
[TimeControl "180+1"]
[EndTime "9:08:04 PDT"]
[Termination "SashaKuzhilniy won by resignation"]

1. d4 g6 2. c4 Bg7 3. Nc3 d6 4. e4 Nf6 5. Nf3 O-O 6. Be2 e5 7. O-O exd4 8. Nxd4 Re8 9. f3 c6 10. Kh1 Nbd7 11. Nc2 Nb6 12. Bg5 h6 13. Be3 Be6 14.
b3 d5 15. exd5 cxd5 16. c5 Nbd7 17. Qd2 Kh7 18. Rac1 Rc8 19. b4 Ne5 20. Rfd1 Nc4 21. Bxc4 dxc4 22. Nb5 Qxd2 23. Rxd2 Rcd8 24. Rcd1 Rxd2 25.
Rxd2 Nd5 26. Bd4 c3 27. Rd1 Bf5 28. Re1 Rxe1+ 29. Nxe1 c2 30. Nxc2 Bxc2 31. Bxg7 Kxg7 32. Nxa7 Nxb4 33. a3 Na6 34. c6 bxc6 35. Nxc6 Kf6 36.
Nd4 Ba4 37. Kg1 Nc7 38. Kf2 Nb5 39. Ne2 Nxa3 40. Nc3 Bc6 41. h4 Nb5 42. Ne2 Nd6 43. Nd4 Bd7 44. Ne2 Nf5 45. g3 Bb5 46. Nf4 Bc6 47. Ne2 Ke5 48. Nc3 Nd4 49. f4+ Kf5 50.
Nd1 Ke4 51. Ne3 Bd5 52. Ng4 Nf5 53. Nf6+ Kd4 54. Nd7 Be6 55. Ne5 h5 56. Nf3+ Kd5 57. Ng5 Nd4 58. Nh7 Ke4 59. Ng5+ Kf5 60. Nh7 Nc6 61.
Ng5 Bd5 62. Nh7 f6 63. Nf8 Be6 64. Nh7 Ne7 65. Nf8 Nd5 66. Kf3 Nb6 67. Nh7 Nd7 68. Ke3 Bg8 69. Ng5 fxg5 70. fxg5 Kg4 0-1

[Event "Early-Titled-Tuesday-Blitz-October-03-2023"]
[Site "Chess.com"]
[Date "2023.10.03"]
[Round "6"]
[White "Iskusnyh"]
[Black "Doudou2015"]
[Result "1-0"]
[WhiteElo "2619"]
[BlackElo "2172"]
[TimeControl "180+1"]
[EndTime "9:08:06 PDT"]
[Termination "Iskusnyh won on time"]

1. d4 d5 2. c4 e6 3. Nf3 c6 4. b3 Nf6 5. e3 Be7 6. Bd3 O-O 7. O-O Nbd7 8. Bb2 b6 9. Nc3 Bb7 10. Qe2 Rc8 11. Rfd1 Re8 12. e4 dxe4 13. Nxe4 Qc7 14. Nxf6+ Nxf6 15. c5 bxc5 16. dxc5 Bxc5 17. Bxf6 gxf6 18.
Bxh7+ Kxh7 19. Qc2+ Kg7 20. Qxc5 Qb6 21. Qh5 Rcd8 22. Qg4+ Kf8 23. Qf4 Ke7 24. Re1 Rd5 25. h3 Red8 26. Nh2 Qa5 27. Ng4 Rf5 28. Qe3 Qc5 29.
Rac1 Qxe3 30. Nxe3 Re5 31. Red1 Rxd1+ 32. Rxd1 c5 33. g4 Bf3 34. Rd2 Re4 35. Kh2 Rd4 36.
Rc2 Be4 37. Rxc5 Rd2 38. Kg3 Rxa2 39. Rc7+ Kf8 40. h4 Rb2 41. Rxa7 Rxb3 42. g5 fxg5 43. hxg5 Bg6 44. Rc7 Rb5 45. Kf4 Rb4+ 46. Kg3 Rb5 47.
Kg4 Rb1 48. Kf3 Rb3 49. Kf4 Rb4+ 50. Ke5 Rb5+ 51. Kf6 Rb8 52. Ng4 Ra8 53. Ne5 Bh5 54. f4 Rb8 55. Nxf7 Bxf7 56. Rxf7+ Kg8 57. Rg7+ Kf8 58.
Rh7 Kg8 59. g6 Rf8+ 60. Kg5 Rf5+ 61. Kg4 Rf6 62. Rh6 1-0

[Event "Early-Titled-Tuesday-Blitz-October-03-2023"]
[Site "Chess.com"]
[Date "2023.10.03"]
[Round "6"]
[White "vugarrasulov"]
[Black "ActorXu"]
[Result "1-0"]
[WhiteElo "2950"]
[BlackElo "2720"]
[TimeControl "180+1"]
[EndTime "9:08:08 PDT"]
[Termination "vugarrasulov won by resignation"]

1. e4 e5 2. Nf3 Nf6 3. Nc3 Nc6 4. Bb5 Nd4 5. O-O Nxb5 6. Nxb5 d6 7. d4 exd4 8. Qxd4 Be7 9. e5 dxe5 10. Qxe5 O-O 11. Qxc7 Bd7 12. Qxd8 Raxd8 13. Nbd4 Rfe8 14. Bg5 h6 15. Bh4 g5 16. Bg3 Bc5 17. c3 Ne4 18. Rfe1 Nxg3 19.
hxg3 f6 20. Rxe8+ Rxe8 21. Re1 Rxe1+ 22. Nxe1 Kf7 23. f3 h5 24. Kf2 Bf5 25. Ke3 Bb1 26. a3 Bd6 27. Kf2 a6 28. Nec2 Kg6 29. Ne3 Bd3 30.
g4 h4 31. Nd5 Bg3+ 32. Kg1 Kf7 33. Nf5 Ke6 34. Nxg3 hxg3 35. Ne3 Ke5 36. a4 Kf4 37. Nd5+ Ke5 38. Nb4 Bc4 39. a5 Kf4 40. Nc2 Bd3 41. Nd4 Ke3 42. Nf5+ Bxf5 43. gxf5 Kd3 44.
Kf1 Kc2 45. Ke2 Kxb2 46. Kd3 Kb3 47. Kd4 Ka4 48. Kd5 Kxa5 49. Ke6 Kb5 50. Kxf6 a5 51. Kxg5 a4 52. f6 a3 53. f7 a2 54. f8=Q a1=Q 55. Qb4+ Kc6 56. Kg4 Qe1 57. Qc4+ Kb6 58. Qd4+ Ka6 59.
c4 b6 60. Qd5 Ka7 61. Qd7+ Ka6 62. Qc6 Ka7 63. Qc7+ Ka6 64. Qc6 Ka7 65. f4 Qe2+ 66. Kxg3 Qe3+ 67. Kg4 Qe2+ 68. Kg5 Qe3 69. g4 Kb8 70. Kf5 Qd3+ 71. Qe4 Qd6 72. Qe5 1-0